DALLAS vs NEW YORK R

Created - January 17, 2021 at 06:54

Goals
1 2 3 OT1 T
DALLAS 1 1 0 1 3
NEW YORK R 0 0 2 0 2
Shots
1 2 3 OT1 T
DALLAS 7 8 11 1 27
NEW YORK R 6 11 14 0 31

1st period

1. DALLAS , Mikko Rantanen 4 (Auston Matthews 4, Brady Skjei 6) at 2:11

Penalties :
Charlie McAvoy (DAL) for Cross-checking (Minor) at 7:06, Jonathan Marchessault (NYR) for Fighting (Major) at 9:18, Lawson Crouse (DAL) for Fighting (Major) at 9:18, Quinn Hughes (DAL) for Hooking (Minor) at 10:41, Tom Wilson (NYR) for Roughing (Minor) at 14:25

2nd period

2. DALLAS , Jakob Chychrun 3 (Auston Matthews 5, Timo Meier 3) at 14:20

Penalties :
Charlie McAvoy (DAL) for Slashing (Minor) at 1:38, Timo Meier (DAL) for Roughing (Minor) at 8:41

3rd period

3. NEW YORK R , Leon Draisaitl 1 (Artemi Panarin 4) at 8:14 (SH)
4. NEW YORK R , Jonathan Marchessault 2 (Seth Jones 3, Andrew Cogliano 4) at 10:56

Penalties :
Colton Parayko (NYR) for Roughing (Minor) at 7:49, Colton Parayko (NYR) for Slashing (Minor) at 16:21

Overtime #1

5. DALLAS , Lawson Crouse 1 (Adam Boqvist 2, Alex Tuch 2) at 2:35

Penalties :
No Penalty

Goalie Stats

Ben Bishop (DAL), 29 saves from 31 shots - (0.935), W, 6-2-0, 62:36 minutes
Frederik Andersen (NYR), 24 saves from 27 shots - (0.889), OTL, 4-2-2, 62:36 minutes

Players Stats for DALLAS

Player Name              G  A  P  +/- PIM S  H  SB GA TA FO     MP     PP MP  PK MP  
------------------------------------------------------------------------------------
Adam Boqvist             0  1  1   0  0   0  3  3  0  0  0/0    18:27   0:00   2:53 
Alex Tuch                0  1  1   1  0   3  2  1  0  0  5/12   15:10   0:00   1:00 
Auston Matthews          0  2  2   2  0   3  0  0  0  0  20/36  23:22   3:39   4:57 
Brady Skjei              0  1  1   1  0   1  3  2  0  0  0/0    24:13   3:41   3:34 
Charlie McAvoy           0  0  0   1  4   1  1  1  0  0  0/0    22:18   3:41   1:41 
Denis Gurianov           0  0  0   0  0   0  0  0  0  0  0/0     5:27   0:00   0:00 
Evgenii Dadonov          0  0  0  -2  0   3  0  0  0  0  0/1    18:17   2:18   2:59 
Ilya Mikheyev            0  0  0   0  0   1  0  0  0  0  0/0    13:38   0:00   0:00 
Jakob Chychrun           1  0  1   0  0   1  0  2  0  0  0/0    19:54   2:16   3:04 
Kasperi Kapanen          0  0  0   0  0   0  0  0  0  0  0/1    14:16   0:00   0:00 
Kirby Dach               0  0  0   0  0   2  0  0  0  0  4/6     5:27   0:00   0:00 
Lawson Crouse            1  0  1   1  5   2  1  0  0  0  1/1     5:56   0:00   0:00 
Mikko Rantanen           1  0  1   2  0   2  1  0  0  0  0/0    23:22   3:39   4:57 
Nikita Zaitsev           0  0  0   0  0   0  1  7  0  0  0/0    22:16   2:16   3:51 
Pavel Zacha              0  0  0  -2  0   2  0  0  0  0  13/16  16:40   2:18   0:00 
Quinn Hughes             0  0  0  -1  2   1  0  0  0  0  0/0    15:09   0:00   0:35 
Timo Meier               0  1  1   2  2   1  8  1  0  0  2/4    20:37   3:39   2:13 
Travis Konecny           0  0  0  -2  0   4  2  0  0  0  0/0    15:18   2:18   0:00 

Players Stats for NEW YORK R

Player Name              G  A  P  +/- PIM S  H  SB GA TA FO     MP     PP MP  PK MP  
------------------------------------------------------------------------------------
Andrew Cogliano          0  1  1  -2  0   1  3  0  0  0  0/0    16:07   0:00   0:23 
Artemi Panarin           0  1  1   1  0   4  0  1  0  0  0/1    22:34   4:33   4:11 
Bo Horvat                0  0  0  -1  0   4  1  0  0  0  10/21  22:23   3:23   1:20 
Brendan Lemieux          0  0  0   0  0   0  0  0  0  0  1/1     3:11   0:00   0:00 
Brett Pesce              0  0  0   1  0   2  0  1  0  0  0/0    21:11   4:30   2:30 
Cam Fowler               0  0  0  -1  0   2  0  0  0  0  0/0    13:21   0:00   0:00 
Colton Parayko           0  0  0  -1  4   1  3  2  0  0  0/0    25:10   3:26   1:29 
Connor Brown             0  0  0   0  0   3  0  0  0  0  0/1    19:21   3:23   0:00 
Gabriel Vilardi          0  0  0   0  0   0  0  0  0  0  0/0     0:00   0:00   0:00 
Jake DeBrusk             0  0  0   0  0   2  3  0  0  0  2/3    19:21   3:23   0:00 
Jonathan Marchessault    1  0  1  -1  5   2  1  0  0  0  2/12   13:01   0:00   0:33 
Leon Draisaitl           1  0  1   1  0   5  0  0  0  0  17/30  25:48   4:33   4:14 
Marc-Edouard Vlasic      0  0  0   1  0   1  0  4  0  0  0/0    22:11   4:30   2:36 
Mike Matheson            0  0  0  -1  0   1  1  0  0  0  0/0    15:13   0:00   1:52 
Nico Hischier            0  0  0  -1  0   1  0  0  0  0  0/5    16:02   0:00   0:00 
Sam Steel                0  0  0   0  0   0  0  0  0  0  0/2     2:44   0:00   0:00 
Seth Jones               0  1  1   0  0   0  2  6  0  0  0/0    25:28   3:26   3:27 
Tom Wilson               0  0  0   0  2   2  3  0  0  0  0/1    18:41   4:33   1:13 

3 Stars

1 - Timo Meier (DAL)
2 - Mikko Rantanen (DAL)
3 - Auston Matthews (DAL)

Power Play

DALLAS - 0 on 3 Attempt(s) - 0.00%
NEW YORK R - 0 on 4 Attempt(s) - 0.00%

Penalty Kill

DALLAS - 4 on 4 Attempt(s) - 100.00% - Score 0 goal in Penalty Kill
NEW YORK R - 3 on 3 Attempt(s) - 100.00% - Score 1 goal in Penalty Kill

Team Stat

DALLAS - Hits : 22 - Faceoff Wins : 45 - Blocked Shots : 17 - Penalty Minutes : 13
NEW YORK R - Hits : 17 - Faceoff Wins : 32 - Blocked Shots : 14 - Penalty Minutes : 11

Official

Referees : Mike Duco and Marc Joannette
Linesman : James Tobias and Jaime Alary

Game Notes

Lawson Crouse beats up Jonathan Marchessault at 9:18 of 1st period

Finance

Level 1 -- Attendance: 4596 (76.60%) -- Ticket Income $459,600
Level 2 -- Attendance: 3124 (62.48%) -- Ticket Income $218,680
Level 3 -- Attendance: 1121 (56.05%) -- Ticket Income $50,445
Level 4 -- Attendance: 3811 (95.28%) -- Ticket Income $76,220
Luxury Box -- Attendance: 1000 (100.00%) -- Ticket Income $183,000
Game was played at the Madison Square Garden.
Total Attendance: 13652 (75.84%)
Total Ticket Income: $987,945
Total Income: $987,945

DALLAS

5 vs 5 Forward 
   Center                   Left Wing                Right Wing               Time % Phy DF OF 
 1 Auston Matthews          Mikko Rantanen           Timo Meier               35     1   2  2  
 2 Pavel Zacha              Evgenii Dadonov          Travis Konecny           30     1   2  2  
 3 Alex Tuch                Kasperi Kapanen          Ilya Mikheyev            25     1   2  2  
 4 Kirby Dach               Lawson Crouse            Denis Gurianov           10     1   2  2  

5 vs 5 Defense 
   Defense                  Defense                                           Time % Phy DF OF 
 1 Charlie McAvoy           Brady Skjei                                       35     1   2  2  
 2 Nikita Zaitsev           Jakob Chychrun                                    30     1   2  2  
 3 Quinn Hughes             Adam Boqvist                                      25     1   2  2  
 4 Charlie McAvoy           Brady Skjei                                       10     1   2  2  

PowerPlay Forward 
   Center                   Left Wing                Right Wing               Time % Phy DF OF 
 1 Auston Matthews          Mikko Rantanen           Timo Meier               60     1   2  2  
 2 Pavel Zacha              Evgenii Dadonov          Travis Konecny           40     1   2  2  

PowerPlay Defense
   Defense                  Defense                                           Time % Phy DF OF 
 1 Charlie McAvoy           Brady Skjei                                       60     1   2  2  
 2 Nikita Zaitsev           Jakob Chychrun                                    40     1   2  2  

Penalty Kill 4 Players Forward 
   Center                   Wing                     Time % Phy DF OF 
 1 Auston Matthews          Mikko Rantanen           60     1   2  2  
 2 Timo Meier               Evgenii Dadonov          40     1   2  2  

Penalty Kill 4 Players Defense
   Defense                  Defense                  Time % Phy DF OF 
 1 Charlie McAvoy           Brady Skjei              60     1   2  2  
 2 Nikita Zaitsev           Jakob Chychrun           40     1   2  2  

Penalty Kill - 3 Players Forward 
   Forward                                           Time % Phy DF OF 
 1 Auston Matthews                                   60     1   2  2  
 2 Mikko Rantanen                                    40     1   2  2  

Penalty Kill - 3 Players Defense
   Defense                  Defense                  Time % Phy DF OF 
 1 Charlie McAvoy           Brady Skjei              60     1   2  2  
 2 Nikita Zaitsev           Jakob Chychrun           40     1   2  2  

4 vs 4 Forward 
   Center                   Wing                     Time % Phy DF OF 
 1 Auston Matthews          Mikko Rantanen           60     1   2  2  
 2 Timo Meier               Evgenii Dadonov          40     1   2  2  

4 vs 4 Defense
   Defense                  Defense                  Time % Phy DF OF 
 1 Charlie McAvoy           Brady Skjei              60     1   2  2  
 2 Nikita Zaitsev           Jakob Chychrun           40     1   2  2  

Last Minutes Offensive
   Center                   Left Wing                Right Wing               Defense                  Defense                  
   Auston Matthews          Mikko Rantanen           Timo Meier               Charlie McAvoy           Brady Skjei              

Last Minutes Defensive
   Center                   Left Wing                Right Wing               Defense                  Defense                  
   Auston Matthews          Mikko Rantanen           Timo Meier               Charlie McAvoy           Brady Skjei              

Goaltenders
Starting : Ben Bishop               
Backup : Ilya Samsonov            

Extra Forwards
Normal : Ilya Mikheyev, Kasperi Kapanen, Alex Tuch - PP : Ilya Mikheyev, Kasperi Kapanen - PK : Alex Tuch
Extra Defensemen
Normal : Quinn Hughes, Adam Boqvist, Nikita Zaitsev - PP : Quinn Hughes - PK : Adam Boqvist, Nikita Zaitsev
Penalty Shots
Auston Matthews, Mikko Rantanen, Timo Meier, Evgenii Dadonov, Travis Konecny

Scratches
Jason Spezza (Healthy), Vladimir Sobotka (Healthy)

NEW YORK R

5 vs 5 Forward 
   Center                   Left Wing                Right Wing               Time % Phy DF OF 
 1 Leon Draisaitl           Artemi Panarin           Tom Wilson               35     1   2  2  
 2 Bo Horvat                Jake DeBrusk             Connor Brown             30     1   2  2  
 3 Jonathan Marchessault    Andrew Cogliano          Nico Hischier            25     1   2  2  
 4 Nico Hischier            Brendan Lemieux          Leon Draisaitl           10     1   2  2  

5 vs 5 Defense 
   Defense                  Defense                                           Time % Phy DF OF 
 1 Seth Jones               Colton Parayko                                    35     1   2  2  
 2 Marc-Edouard Vlasic      Brett Pesce                                       30     1   2  2  
 3 Cam Fowler               Mike Matheson                                     25     1   2  2  
 4 Seth Jones               Colton Parayko                                    10     1   2  2  

PowerPlay Forward 
   Center                   Left Wing                Right Wing               Time % Phy DF OF 
 1 Leon Draisaitl           Artemi Panarin           Tom Wilson               60     1   2  2  
 2 Bo Horvat                Jake DeBrusk             Connor Brown             40     1   2  2  

PowerPlay Defense
   Defense                  Defense                                           Time % Phy DF OF 
 1 Seth Jones               Colton Parayko                                    60     1   2  2  
 2 Marc-Edouard Vlasic      Brett Pesce                                       40     1   2  2  

Penalty Kill 4 Players Forward 
   Center                   Wing                     Time % Phy DF OF 
 1 Leon Draisaitl           Artemi Panarin           60     1   2  2  
 2 Bo Horvat                Tom Wilson               40     1   2  2  

Penalty Kill 4 Players Defense
   Defense                  Defense                  Time % Phy DF OF 
 1 Seth Jones               Colton Parayko           60     1   2  2  
 2 Marc-Edouard Vlasic      Brett Pesce              40     1   2  2  

Penalty Kill - 3 Players Forward 
   Forward                                           Time % Phy DF OF 
 1 Leon Draisaitl                                    60     1   2  2  
 2 Artemi Panarin                                    40     1   2  2  

Penalty Kill - 3 Players Defense
   Defense                  Defense                  Time % Phy DF OF 
 1 Seth Jones               Colton Parayko           60     1   2  2  
 2 Marc-Edouard Vlasic      Brett Pesce              40     1   2  2  

4 vs 4 Forward 
   Center                   Wing                     Time % Phy DF OF 
 1 Leon Draisaitl           Artemi Panarin           60     1   2  2  
 2 Bo Horvat                Tom Wilson               40     1   2  2  

4 vs 4 Defense
   Defense                  Defense                  Time % Phy DF OF 
 1 Seth Jones               Colton Parayko           60     1   2  2  
 2 Marc-Edouard Vlasic      Brett Pesce              40     1   2  2  

Last Minutes Offensive
   Center                   Left Wing                Right Wing               Defense                  Defense                  
   Leon Draisaitl           Artemi Panarin           Tom Wilson               Seth Jones               Colton Parayko           

Last Minutes Defensive
   Center                   Left Wing                Right Wing               Defense                  Defense                  
   Leon Draisaitl           Artemi Panarin           Tom Wilson               Seth Jones               Colton Parayko           

Goaltenders
Starting : Frederik Andersen        
Backup : Craig Anderson           

Extra Forwards
Normal : Sam Steel, Gabriel Vilardi, Jonathan Marchessault - PP : Sam Steel, Gabriel Vilardi - PK : Jonathan Marchessault
Extra Defensemen
Normal : Cam Fowler, Mike Matheson, Marc-Edouard Vlasic - PP : Cam Fowler - PK : Mike Matheson, Marc-Edouard Vlasic
Penalty Shots
Leon Draisaitl, Artemi Panarin, Bo Horvat, Tom Wilson, Jonathan Marchessault

Scratches
Frederik Gauthier (Healthy), Marcus Kruger (Healthy)

% Time on Ice - DALLAS

Lines # - Real PCT - Wanted PCT - Time Play
Normal Forward
1 - 32% - 35% - 14:46
2 - 28% - 30% - 13:00
3 - 28% - 25% - 12:54
4 - 12% - 10% - 5:27
Normal Defense
1 - 35% - 35% - 15:57
2 - 32% - 30% - 14:34
3 - 32% - 25% - 14:35
4 - 2% - 10% - 1:01
PP Forward
1 - 61% - 60% - 3:39
2 - 39% - 40% - 2:18
PP Defense
1 - 62% - 60% - 3:41
2 - 38% - 40% - 2:16
PK Forward
1 - 62% - 60% - 4:57
2 - 38% - 40% - 2:59
PK Defense
1 - 52% - 60% - 4:09
2 - 48% - 40% - 3:47
PK3 Forward
1 - 0% - 60%
2 - 0% - 40%
PK3 Defense
1 - 0% - 60%
2 - 0% - 40%
44 Forward
1 - 0% - 60%
2 - 0% - 40%
44 Defense
1 - 0% - 60%
2 - 0% - 40%
Last Minute Offensive  - 0:00
Last Minute Defensive  - 0:00
Total
Forward - 60:00
Defense - 60:00

% Time on Ice - NEW YORK R

Lines # - Real PCT - Wanted PCT - Time Play
Normal Forward
1 - 28% - 35% - 12:56
2 - 35% - 30% - 15:58
3 - 30% - 25% - 14:02
4 - 7% - 10% - 3:11
Normal Defense
1 - 36% - 35% - 16:31
2 - 31% - 30% - 14:11
3 - 29% - 25% - 13:21
4 - 4% - 10% - 2:04
PP Forward
1 - 57% - 60% - 4:33
2 - 43% - 40% - 3:23
PP Defense
1 - 43% - 60% - 3:26
2 - 57% - 40% - 4:30
PK Forward
1 - 78% - 60% - 4:37
2 - 22% - 40% - 1:20
PK Defense
1 - 58% - 60% - 3:27
2 - 42% - 40% - 2:30
PK3 Forward
1 - 0% - 60%
2 - 0% - 40%
PK3 Defense
1 - 0% - 60%
2 - 0% - 40%
44 Forward
1 - 0% - 60%
2 - 0% - 40%
44 Defense
1 - 0% - 60%
2 - 0% - 40%
Last Minute Offensive  - 0:00
Last Minute Defensive  - 0:00
Total
Forward - 60:00
Defense - 60:00

Play-by-Play

1st period


0:01 of 1st period - Leon Draisaitl wins face-off versus Auston Matthews in neutral zone.
0:17 of 1st period - Tom Wilson is hit by Timo Meier and loses puck.
0:26 of 1st period - Shot by Artemi Panarin.
0:26 of 1st period - Shot Misses the Net.
0:28 of 1st period - Shot by Colton Parayko.
0:28 of 1st period - Stopped by Ben Bishop without a rebound.
0:29 of 1st period - Bo Horvat wins face-off versus Evgenii Dadonov in DALLAS zone.
1:18 of 1st period - Brett Pesce is hit by Travis Konecny and loses puck.
1:26 of 1st period - Icing by Marc-Edouard Vlasic.
1:27 of 1st period - Bo Horvat wins face-off versus Alex Tuch in NEW YORK R zone.
2:03 of 1st period - Shot by Alex Tuch.
2:03 of 1st period - Stopped by Frederik Andersen without a rebound.
2:04 of 1st period - Auston Matthews wins face-off versus Jonathan Marchessault in NEW YORK R zone.
2:07 of 1st period - Shot by Auston Matthews.
2:07 of 1st period - Stopped by Frederik Andersen with a rebound.
2:09 of 1st period - Shot by Mikko Rantanen.
2:09 of 1st period - Stopped by Frederik Andersen with a rebound.
2:11 of 1st period - Shot by Mikko Rantanen.
2:11 of 1st period - Goal by Mikko Rantanen - DALLAS : 1 - NEW YORK R : 0.
2:12 of 1st period - Kirby Dach wins face-off versus Jonathan Marchessault in neutral zone.
2:12 of 1st period - Kirby Dach is hit by Andrew Cogliano.
2:23 of 1st period - Lawson Crouse is hit by Mike Matheson.
3:27 of 1st period - Mikko Rantanen is hit by Seth Jones and loses puck.
3:36 of 1st period - Shot by Leon Draisaitl.
3:36 of 1st period - Stopped by Ben Bishop with a rebound.
4:34 of 1st period - Nikita Zaitsev is hit by Jake DeBrusk and loses puck.
5:55 of 1st period - Shot by Jonathan Marchessault.
5:55 of 1st period - Shot Misses the Net.
6:47 of 1st period - Off-side.
6:48 of 1st period - Leon Draisaitl wins face-off versus Kirby Dach in neutral zone.
7:01 of 1st period - Shot by Artemi Panarin.
7:01 of 1st period - Shot Misses the Net.
7:03 of 1st period - Shot by Mike Matheson.
7:03 of 1st period - Stopped by Ben Bishop without a rebound.
7:04 of 1st period - Bo Horvat wins face-off versus Auston Matthews in DALLAS zone.
7:06 of 1st period - Minor Penalty to Charlie McAvoy for Cross-checking.
7:07 of 1st period - Auston Matthews wins face-off versus Bo Horvat in DALLAS zone.
8:20 of 1st period - Shot by Leon Draisaitl.
8:20 of 1st period - Shot Blocked by Nikita Zaitsev.
8:22 of 1st period - Shot by Colton Parayko.
8:22 of 1st period - Shot Misses the Net.
8:24 of 1st period - Shot by Tom Wilson.
8:24 of 1st period - Stopped by Ben Bishop without a rebound.
8:25 of 1st period - Leon Draisaitl wins face-off versus Auston Matthews in DALLAS zone.
9:10 of 1st period - Nico Hischier is hit by Lawson Crouse and loses puck.
9:18 of 1st period - Lawson Crouse beats up Jonathan Marchessault.
9:18 of 1st period - Penalty to Jonathan Marchessault for Fighting.
9:18 of 1st period - Penalty to Lawson Crouse for Fighting.
9:19 of 1st period - Jake DeBrusk wins face-off versus Alex Tuch in DALLAS zone.
9:46 of 1st period - Shot by Bo Horvat.
9:46 of 1st period - Deflect By Jake DeBrusk.
9:46 of 1st period - Stopped by Ben Bishop with a rebound.
10:39 of 1st period - Cam Fowler is hit by Adam Boqvist and loses puck.
10:41 of 1st period - Minor Penalty to Quinn Hughes for Hooking.
10:42 of 1st period - Auston Matthews wins face-off versus Leon Draisaitl in DALLAS zone.
10:58 of 1st period - Tom Wilson is hit by Nikita Zaitsev and loses puck.
12:32 of 1st period - Shot by Leon Draisaitl.
12:32 of 1st period - Shot Blocked by Nikita Zaitsev.
12:34 of 1st period - Shot by Leon Draisaitl.
12:34 of 1st period - Deflect By Artemi Panarin.
12:34 of 1st period - Shot Misses the Net.
12:36 of 1st period - Shot by Marc-Edouard Vlasic.
12:36 of 1st period - Shot Blocked by Alex Tuch.
12:38 of 1st period - Shot by Leon Draisaitl.
12:38 of 1st period - Shot Misses the Net.
12:40 of 1st period - Shot by Marc-Edouard Vlasic.
12:40 of 1st period - Shot Misses the Net.
12:42 of 1st period - Shot by Nico Hischier.
12:42 of 1st period - Stopped by Ben Bishop without a rebound.
12:43 of 1st period - Kirby Dach wins face-off versus Sam Steel in DALLAS zone.
12:52 of 1st period - Shot by Ilya Mikheyev.
12:52 of 1st period - Shot Misses the Net.
12:55 of 1st period - Icing by Sam Steel.
12:56 of 1st period - Pavel Zacha wins face-off versus Sam Steel in NEW YORK R zone.
13:23 of 1st period - Shot by Travis Konecny.
13:23 of 1st period - Stopped by Frederik Andersen with a rebound.
13:31 of 1st period - Travis Konecny is hit by Andrew Cogliano and loses puck.
14:08 of 1st period - Shot by Bo Horvat.
14:08 of 1st period - Shot Blocked by Brady Skjei.
14:25 of 1st period - Minor Penalty to Tom Wilson for Roughing.
14:26 of 1st period - Leon Draisaitl wins face-off versus Auston Matthews in NEW YORK R zone.
14:39 of 1st period - Leon Draisaitl is hit by Timo Meier and loses puck.
14:54 of 1st period - Seth Jones is hit by Timo Meier and loses puck.
15:01 of 1st period - Shot by Mikko Rantanen.
15:01 of 1st period - Shot Misses the Net.
15:03 of 1st period - Shot by Jakob Chychrun.
15:03 of 1st period - Shot Misses the Net.
15:05 of 1st period - Shot by Mikko Rantanen.
15:05 of 1st period - Shot Misses the Net.
15:07 of 1st period - Shot by Nikita Zaitsev.
15:07 of 1st period - Shot Blocked by Seth Jones.
15:21 of 1st period - Shot by Charlie McAvoy.
15:21 of 1st period - Shot Misses the Net.
15:23 of 1st period - Shot by Travis Konecny.
15:23 of 1st period - Shot Misses the Net.
16:07 of 1st period - Shot by Charlie McAvoy.
16:07 of 1st period - Shot Blocked by Seth Jones.
17:06 of 1st period - Icing by Cam Fowler.
17:07 of 1st period - Bo Horvat wins face-off versus Kirby Dach in NEW YORK R zone.
17:16 of 1st period - Nikita Zaitsev is hit by Bo Horvat and loses puck.
17:32 of 1st period - Shot by Kirby Dach.
17:32 of 1st period - Stopped by Frederik Andersen without a rebound.
17:33 of 1st period - Pavel Zacha wins face-off versus Jonathan Marchessault in NEW YORK R zone.
18:27 of 1st period - Off-side.
18:28 of 1st period - Timo Meier wins face-off versus Artemi Panarin in neutral zone.
18:36 of 1st period - Icing by Cam Fowler.
18:37 of 1st period - Auston Matthews wins face-off versus Leon Draisaitl in NEW YORK R zone.
18:40 of 1st period - Shot by Mikko Rantanen.
18:40 of 1st period - Shot Blocked by Artemi Panarin.
19:04 of 1st period - Shot by Artemi Panarin.
19:04 of 1st period - Shot Misses the Net.
19:54 of 1st period - Shot by Travis Konecny.
19:54 of 1st period - Stopped by Frederik Andersen with a rebound.
Goals for this period are 1 for DALLAS vs 0 for NEW YORK R.
Shots for this period are 7 for DALLAS vs 6 for NEW YORK R.

2nd period


0:01 of 2nd period - Auston Matthews wins face-off versus Leon Draisaitl in neutral zone.
0:33 of 2nd period - Icing by Timo Meier.
0:34 of 2nd period - Jonathan Marchessault wins face-off versus Auston Matthews in DALLAS zone.
0:49 of 2nd period - Icing by Brett Pesce.
0:50 of 2nd period - Pavel Zacha wins face-off versus Jonathan Marchessault in NEW YORK R zone.
0:53 of 2nd period - Shot by Nikita Zaitsev.
0:53 of 2nd period - Shot Misses the Net.
0:55 of 2nd period - Shot by Pavel Zacha.
0:55 of 2nd period - Stopped by Frederik Andersen without a rebound.
0:56 of 2nd period - Pavel Zacha wins face-off versus Leon Draisaitl in NEW YORK R zone.
1:19 of 2nd period - Shot by Evgenii Dadonov.
1:19 of 2nd period - Stopped by Frederik Andersen with a rebound.
1:35 of 2nd period - Shot by Artemi Panarin.
1:35 of 2nd period - Stopped by Ben Bishop without a rebound.
1:36 of 2nd period - Bo Horvat wins face-off versus Auston Matthews in DALLAS zone.
1:38 of 2nd period - Minor Penalty to Charlie McAvoy for Slashing.
1:39 of 2nd period - Auston Matthews wins face-off versus Bo Horvat in DALLAS zone.
1:50 of 2nd period - Shot by Bo Horvat.
1:50 of 2nd period - Stopped by Ben Bishop without a rebound.
1:51 of 2nd period - Auston Matthews wins face-off versus Leon Draisaitl in DALLAS zone.
2:12 of 2nd period - Shot by Seth Jones.
2:12 of 2nd period - Shot Blocked by Adam Boqvist.
2:51 of 2nd period - Icing by Marc-Edouard Vlasic.
2:52 of 2nd period - Bo Horvat wins face-off versus Timo Meier in NEW YORK R zone.
3:11 of 2nd period - Off-side.
3:12 of 2nd period - Jake DeBrusk wins face-off versus Timo Meier in neutral zone.
3:17 of 2nd period - Shot by Brett Pesce.
3:17 of 2nd period - Stopped by Ben Bishop without a rebound.
3:18 of 2nd period - Auston Matthews wins face-off versus Bo Horvat in DALLAS zone.
3:51 of 2nd period - Nico Hischier is hit by Adam Boqvist and loses puck.
3:56 of 2nd period - Shot by Leon Draisaitl.
3:56 of 2nd period - Shot Misses the Net.
3:58 of 2nd period - Shot by Leon Draisaitl.
3:58 of 2nd period - Stopped by Ben Bishop without a rebound.
3:59 of 2nd period - Leon Draisaitl wins face-off versus Pavel Zacha in DALLAS zone.
4:20 of 2nd period - Shot by Artemi Panarin.
4:20 of 2nd period - Shot Blocked by Nikita Zaitsev.
4:25 of 2nd period - Off-side.
4:26 of 2nd period - Bo Horvat wins face-off versus Auston Matthews in neutral zone.
4:47 of 2nd period - Seth Jones is hit by Brady Skjei and loses puck.
4:52 of 2nd period - Shot by Connor Brown.
4:52 of 2nd period - Shot Misses the Net.
4:54 of 2nd period - Shot by Jake DeBrusk.
4:54 of 2nd period - Shot Misses the Net.
5:54 of 2nd period - Shot by Marc-Edouard Vlasic.
5:54 of 2nd period - Shot Misses the Net.
6:14 of 2nd period - Shot by Evgenii Dadonov.
6:14 of 2nd period - Shot Hit the Post.
6:16 of 2nd period - Shot by Jakob Chychrun.
6:16 of 2nd period - Shot Blocked by Marc-Edouard Vlasic.
6:49 of 2nd period - Shot by Alex Tuch.
6:49 of 2nd period - Stopped by Frederik Andersen with a rebound.
6:51 of 2nd period - Shot by Alex Tuch.
6:51 of 2nd period - Shot Misses the Net.
6:53 of 2nd period - Shot by Alex Tuch.
6:53 of 2nd period - Shot Blocked by Brett Pesce.
7:11 of 2nd period - Shot by Kasperi Kapanen.
7:11 of 2nd period - Shot Misses the Net.
7:18 of 2nd period - Icing by Seth Jones.
7:19 of 2nd period - Kirby Dach wins face-off versus Leon Draisaitl in NEW YORK R zone.
7:36 of 2nd period - Shot by Artemi Panarin.
7:36 of 2nd period - Shot Misses the Net.
8:20 of 2nd period - Shot by Pavel Zacha.
8:20 of 2nd period - Shot Misses the Net.
8:22 of 2nd period - Shot by Pavel Zacha.
8:22 of 2nd period - Stopped by Frederik Andersen without a rebound.
8:23 of 2nd period - Auston Matthews wins face-off versus Bo Horvat in NEW YORK R zone.
8:40 of 2nd period - Shot by Auston Matthews.
8:40 of 2nd period - Deflect By Timo Meier.
8:40 of 2nd period - Shot Misses the Net.
8:41 of 2nd period - Minor Penalty to Timo Meier for Roughing.
8:42 of 2nd period - Leon Draisaitl wins face-off versus Auston Matthews in DALLAS zone.
8:57 of 2nd period - Shot by Mikko Rantanen.
8:57 of 2nd period - Shot Blocked by Colton Parayko.
8:59 of 2nd period - Shot by Auston Matthews.
8:59 of 2nd period - Shot Misses the Net.
9:03 of 2nd period - Shot by Auston Matthews.
9:03 of 2nd period - Stopped by Frederik Andersen without a rebound.
9:04 of 2nd period - Bo Horvat wins face-off versus Auston Matthews in NEW YORK R zone.
9:13 of 2nd period - Shot by Jake DeBrusk.
9:13 of 2nd period - Deflect By Connor Brown.
9:13 of 2nd period - Stopped by Ben Bishop without a rebound.
9:14 of 2nd period - Auston Matthews wins face-off versus Bo Horvat in DALLAS zone.
9:39 of 2nd period - Shot by Connor Brown.
9:39 of 2nd period - Stopped by Ben Bishop without a rebound.
9:40 of 2nd period - Leon Draisaitl wins face-off versus Auston Matthews in DALLAS zone.
9:43 of 2nd period - Shot by Brett Pesce.
9:43 of 2nd period - Stopped by Ben Bishop without a rebound.
9:44 of 2nd period - Auston Matthews wins face-off versus Leon Draisaitl in DALLAS zone.
10:23 of 2nd period - Shot by Artemi Panarin.
10:23 of 2nd period - Shot Misses the Net.
10:25 of 2nd period - Shot by Brett Pesce.
10:25 of 2nd period - Deflect By Leon Draisaitl.
10:25 of 2nd period - Shot Blocked by Charlie McAvoy.
12:19 of 2nd period - Tom Wilson is hit by Timo Meier.
12:25 of 2nd period - Shot by Leon Draisaitl.
12:25 of 2nd period - Stopped by Ben Bishop without a rebound.
12:26 of 2nd period - Pavel Zacha wins face-off versus Leon Draisaitl in DALLAS zone.
13:00 of 2nd period - Icing by Tom Wilson.
13:01 of 2nd period - Leon Draisaitl wins face-off versus Alex Tuch in NEW YORK R zone.
13:17 of 2nd period - Brett Pesce is hit by Alex Tuch and loses puck.
14:18 of 2nd period - Shot by Timo Meier.
14:18 of 2nd period - Deflect By Auston Matthews.
14:18 of 2nd period - Shot Blocked by Seth Jones.
14:20 of 2nd period - Shot by Jakob Chychrun.
14:20 of 2nd period - Goal by Jakob Chychrun - DALLAS : 2 - NEW YORK R : 0.
14:21 of 2nd period - Pavel Zacha wins face-off versus Connor Brown in neutral zone.
14:27 of 2nd period - Shot by Bo Horvat.
14:27 of 2nd period - Stopped by Ben Bishop with a rebound.
14:31 of 2nd period - Shot by Connor Brown.
14:31 of 2nd period - Shot Blocked by Brady Skjei.
14:33 of 2nd period - Shot by Cam Fowler.
14:33 of 2nd period - Shot Misses the Net.
14:51 of 2nd period - Shot by Evgenii Dadonov.
14:51 of 2nd period - Deflect By Travis Konecny.
14:51 of 2nd period - Shot Misses the Net.
14:57 of 2nd period - Shot by Bo Horvat.
14:57 of 2nd period - Stopped by Ben Bishop without a rebound.
14:58 of 2nd period - Auston Matthews wins face-off versus Leon Draisaitl in DALLAS zone.
14:58 of 2nd period - Auston Matthews is hit by Tom Wilson.
15:30 of 2nd period - Shot by Auston Matthews.
15:30 of 2nd period - Stopped by Frederik Andersen without a rebound.
15:31 of 2nd period - Alex Tuch wins face-off versus Jonathan Marchessault in NEW YORK R zone.
16:48 of 2nd period - Connor Brown is hit by Timo Meier and loses puck.
16:59 of 2nd period - Shot by Bo Horvat.
16:59 of 2nd period - Shot Misses the Net.
17:01 of 2nd period - Shot by Connor Brown.
17:01 of 2nd period - Shot Misses the Net.
17:03 of 2nd period - Shot by Jake DeBrusk.
17:03 of 2nd period - Shot Blocked by Timo Meier.
17:40 of 2nd period - Jakob Chychrun is hit by Tom Wilson and loses puck.
17:44 of 2nd period - Jakob Chychrun is hit by Tom Wilson and loses puck.
17:49 of 2nd period - Shot by Travis Konecny.
17:49 of 2nd period - Shot Blocked by Marc-Edouard Vlasic.
18:43 of 2nd period - Shot by Kirby Dach.
18:43 of 2nd period - Stopped by Frederik Andersen with a rebound.
18:50 of 2nd period - Andrew Cogliano is hit by Brady Skjei and loses puck.
19:41 of 2nd period - Shot by Connor Brown.
19:41 of 2nd period - Stopped by Ben Bishop without a rebound.
19:42 of 2nd period - Brendan Lemieux wins face-off versus Alex Tuch in DALLAS zone.
Goals for this period are 1 for DALLAS vs 0 for NEW YORK R.
Shots for this period are 8 for DALLAS vs 11 for NEW YORK R.

3rd period


0:01 of 3rd period - Auston Matthews wins face-off versus Leon Draisaitl in neutral zone.
0:53 of 3rd period - Shot by Travis Konecny.
0:53 of 3rd period - Stopped by Frederik Andersen without a rebound.
0:54 of 3rd period - Pavel Zacha wins face-off versus Bo Horvat in NEW YORK R zone.
1:01 of 3rd period - Shot by Connor Brown.
1:01 of 3rd period - Shot Misses the Net.
1:09 of 3rd period - Shot by Jake DeBrusk.
1:09 of 3rd period - Shot Misses the Net.
1:19 of 3rd period - Shot by Evgenii Dadonov.
1:19 of 3rd period - Stopped by Frederik Andersen without a rebound.
1:20 of 3rd period - Jonathan Marchessault wins face-off versus Alex Tuch in NEW YORK R zone.
1:30 of 3rd period - Shot by Cam Fowler.
1:30 of 3rd period - Stopped by Ben Bishop without a rebound.
1:31 of 3rd period - Auston Matthews wins face-off versus Nico Hischier in DALLAS zone.
1:53 of 3rd period - Marc-Edouard Vlasic is hit by Timo Meier and loses puck.
2:00 of 3rd period - Icing by Mikko Rantanen.
2:01 of 3rd period - Auston Matthews wins face-off versus Bo Horvat in DALLAS zone.
2:03 of 3rd period - Icing by Brady Skjei.
2:04 of 3rd period - Bo Horvat wins face-off versus Auston Matthews in DALLAS zone.
2:04 of 3rd period - Bo Horvat is hit by Brady Skjei.
2:10 of 3rd period - Shot by Jake DeBrusk.
2:10 of 3rd period - Shot Misses the Net.
3:13 of 3rd period - Shot by Tom Wilson.
3:13 of 3rd period - Stopped by Ben Bishop without a rebound.
3:14 of 3rd period - Alex Tuch wins face-off versus Jonathan Marchessault in DALLAS zone.
3:14 of 3rd period - Alex Tuch is hit by Andrew Cogliano.
3:28 of 3rd period - Shot by Jonathan Marchessault.
3:28 of 3rd period - Shot Blocked by Adam Boqvist.
3:37 of 3rd period - Icing by Kasperi Kapanen.
3:38 of 3rd period - Leon Draisaitl wins face-off versus Alex Tuch in DALLAS zone.
4:42 of 3rd period - Shot by Jake DeBrusk.
4:42 of 3rd period - Shot Blocked by Nikita Zaitsev.
4:50 of 3rd period - Shot by Bo Horvat.
4:50 of 3rd period - Shot Misses the Net.
5:18 of 3rd period - Cam Fowler is hit by Travis Konecny and loses puck.
5:38 of 3rd period - Shot by Andrew Cogliano.
5:38 of 3rd period - Shot Blocked by Jakob Chychrun.
5:40 of 3rd period - Shot by Mike Matheson.
5:40 of 3rd period - Shot Blocked by Jakob Chychrun.
5:42 of 3rd period - Shot by Jonathan Marchessault.
5:42 of 3rd period - Shot Misses the Net.
5:44 of 3rd period - Shot by Andrew Cogliano.
5:44 of 3rd period - Shot Misses the Net.
5:46 of 3rd period - Shot by Andrew Cogliano.
5:46 of 3rd period - Stopped by Ben Bishop without a rebound.
5:47 of 3rd period - Leon Draisaitl wins face-off versus Auston Matthews in DALLAS zone.
5:56 of 3rd period - Shot by Artemi Panarin.
5:56 of 3rd period - Shot Misses the Net.
6:04 of 3rd period - Shot by Leon Draisaitl.
6:04 of 3rd period - Stopped by Ben Bishop without a rebound.
6:05 of 3rd period - Alex Tuch wins face-off versus Nico Hischier in DALLAS zone.
6:18 of 3rd period - Shot by Alex Tuch.
6:18 of 3rd period - Stopped by Frederik Andersen without a rebound.
6:19 of 3rd period - Auston Matthews wins face-off versus Bo Horvat in NEW YORK R zone.
6:44 of 3rd period - Icing by Brady Skjei.
6:45 of 3rd period - Auston Matthews wins face-off versus Leon Draisaitl in DALLAS zone.
6:50 of 3rd period - Shot by Artemi Panarin.
6:50 of 3rd period - Stopped by Ben Bishop without a rebound.
6:51 of 3rd period - Leon Draisaitl wins face-off versus Kasperi Kapanen in DALLAS zone.
6:51 of 3rd period - Artemi Panarin is hit by Adam Boqvist and loses puck.
6:59 of 3rd period - Quinn Hughes is hit by Colton Parayko and loses puck.
7:10 of 3rd period - Shot by Kasperi Kapanen.
7:10 of 3rd period - Shot Blocked by Seth Jones.
7:12 of 3rd period - Shot by Alex Tuch.
7:12 of 3rd period - Shot Blocked by Seth Jones.
7:14 of 3rd period - Shot by Alex Tuch.
7:14 of 3rd period - Shot Blocked by Colton Parayko.
7:16 of 3rd period - Shot by Ilya Mikheyev.
7:16 of 3rd period - Stopped by Frederik Andersen with a rebound.
7:18 of 3rd period - Shot by Quinn Hughes.
7:18 of 3rd period - Stopped by Frederik Andersen with a rebound.
7:21 of 3rd period - Ilya Mikheyev is hit by Seth Jones and loses puck.
7:45 of 3rd period - Auston Matthews is hit by Colton Parayko and loses puck.
7:49 of 3rd period - Minor Penalty to Colton Parayko for Roughing.
7:50 of 3rd period - Pavel Zacha wins face-off versus Jonathan Marchessault in NEW YORK R zone.
7:57 of 3rd period - Shot by Evgenii Dadonov.
7:57 of 3rd period - Shot Misses the Net.
8:04 of 3rd period - Icing by Nikita Zaitsev.
8:05 of 3rd period - Leon Draisaitl wins face-off versus Pavel Zacha in DALLAS zone.
8:14 of 3rd period - Shot by Leon Draisaitl.
8:14 of 3rd period - Goal by Leon Draisaitl - DALLAS : 2 - NEW YORK R : 1.
8:15 of 3rd period - Leon Draisaitl wins face-off versus Auston Matthews in neutral zone.
8:52 of 3rd period - Marc-Edouard Vlasic is hit by Timo Meier and loses puck.
9:18 of 3rd period - Icing by Timo Meier.
9:19 of 3rd period - Auston Matthews wins face-off versus Leon Draisaitl in DALLAS zone.
10:04 of 3rd period - Shot by Marc-Edouard Vlasic.
10:04 of 3rd period - Stopped by Ben Bishop without a rebound.
10:05 of 3rd period - Kirby Dach wins face-off versus Bo Horvat in DALLAS zone.
10:14 of 3rd period - Shot by Denis Gurianov.
10:14 of 3rd period - Shot Misses the Net.
10:16 of 3rd period - Shot by Lawson Crouse.
10:16 of 3rd period - Stopped by Frederik Andersen without a rebound.
10:17 of 3rd period - Pavel Zacha wins face-off versus Nico Hischier in NEW YORK R zone.
10:17 of 3rd period - Adam Boqvist is hit by Colton Parayko and loses puck.
10:24 of 3rd period - Adam Boqvist is hit by Jonathan Marchessault and loses puck.
10:41 of 3rd period - Shot by Evgenii Dadonov.
10:41 of 3rd period - Shot Blocked by Seth Jones.
10:56 of 3rd period - Shot by Jonathan Marchessault.
10:56 of 3rd period - Goal by Jonathan Marchessault - DALLAS : 2 - NEW YORK R : 2.
10:57 of 3rd period - Timo Meier wins face-off versus Tom Wilson in neutral zone.
11:13 of 3rd period - Tom Wilson is hit by Mikko Rantanen and loses puck.
11:20 of 3rd period - Shot by Tom Wilson.
11:20 of 3rd period - Shot Misses the Net.
11:58 of 3rd period - Kasperi Kapanen is hit by Jake DeBrusk and loses puck.
12:14 of 3rd period - Shot by Jake DeBrusk.
12:14 of 3rd period - Stopped by Ben Bishop without a rebound.
12:15 of 3rd period - Pavel Zacha wins face-off versus Jonathan Marchessault in DALLAS zone.
12:20 of 3rd period - Shot by Evgenii Dadonov.
12:20 of 3rd period - Stopped by Frederik Andersen without a rebound.
12:21 of 3rd period - Pavel Zacha wins face-off versus Jonathan Marchessault in NEW YORK R zone.
12:24 of 3rd period - Shot by Travis Konecny.
12:24 of 3rd period - Stopped by Frederik Andersen without a rebound.
12:25 of 3rd period - Pavel Zacha wins face-off versus Nico Hischier in NEW YORK R zone.
13:16 of 3rd period - Icing by Leon Draisaitl.
13:17 of 3rd period - Auston Matthews wins face-off versus Nico Hischier in NEW YORK R zone.
13:36 of 3rd period - Shot by Charlie McAvoy.
13:36 of 3rd period - Stopped by Frederik Andersen without a rebound.
13:37 of 3rd period - Bo Horvat wins face-off versus Alex Tuch in NEW YORK R zone.
13:39 of 3rd period - Brett Pesce is hit by Alex Tuch and loses puck.
13:53 of 3rd period - Icing by Quinn Hughes.
13:54 of 3rd period - Alex Tuch wins face-off versus Jake DeBrusk in DALLAS zone.
13:54 of 3rd period - Ilya Mikheyev is hit by Jake DeBrusk.
14:24 of 3rd period - Shot by Connor Brown.
14:24 of 3rd period - Shot Blocked by Adam Boqvist.
14:26 of 3rd period - Shot by Cam Fowler.
14:26 of 3rd period - Shot Misses the Net.
14:28 of 3rd period - Shot by Cam Fowler.
14:28 of 3rd period - Stopped by Ben Bishop without a rebound.
14:29 of 3rd period - Leon Draisaitl wins face-off versus Auston Matthews in DALLAS zone.
15:00 of 3rd period - Shot by Artemi Panarin.
15:00 of 3rd period - Stopped by Ben Bishop with a rebound.
15:02 of 3rd period - Shot by Artemi Panarin.
15:02 of 3rd period - Stopped by Ben Bishop with a rebound.
15:04 of 3rd period - Shot by Brett Pesce.
15:04 of 3rd period - Shot Misses the Net.
15:41 of 3rd period - Shot by Jonathan Marchessault.
15:41 of 3rd period - Stopped by Ben Bishop without a rebound.
15:42 of 3rd period - Alex Tuch wins face-off versus Bo Horvat in DALLAS zone.
16:14 of 3rd period - Off-side.
16:15 of 3rd period - Pavel Zacha wins face-off versus Jonathan Marchessault in neutral zone.
16:21 of 3rd period - Minor Penalty to Colton Parayko for Slashing.
16:22 of 3rd period - Leon Draisaitl wins face-off versus Pavel Zacha in NEW YORK R zone.
16:41 of 3rd period - Shot by Charlie McAvoy.
16:41 of 3rd period - Shot Blocked by Marc-Edouard Vlasic.
16:43 of 3rd period - Shot by Brady Skjei.
16:43 of 3rd period - Stopped by Frederik Andersen without a rebound.
16:44 of 3rd period - Auston Matthews wins face-off versus Leon Draisaitl in NEW YORK R zone.
16:49 of 3rd period - Shot by Timo Meier.
16:49 of 3rd period - Shot Misses the Net.
16:51 of 3rd period - Shot by Timo Meier.
16:51 of 3rd period - Stopped by Frederik Andersen without a rebound.
16:52 of 3rd period - Leon Draisaitl wins face-off versus Auston Matthews in NEW YORK R zone.
16:52 of 3rd period - Leon Draisaitl is hit by Timo Meier.
17:21 of 3rd period - Icing by Charlie McAvoy.
17:22 of 3rd period - Leon Draisaitl wins face-off versus Auston Matthews in DALLAS zone.
17:22 of 3rd period - Artemi Panarin is hit by Charlie McAvoy and loses puck.
18:07 of 3rd period - Shot by Jakob Chychrun.
18:07 of 3rd period - Shot Misses the Net.
18:13 of 3rd period - Shot by Tom Wilson.
18:13 of 3rd period - Shot Blocked by Nikita Zaitsev.
18:15 of 3rd period - Shot by Bo Horvat.
18:15 of 3rd period - Stopped by Ben Bishop with a rebound.
18:17 of 3rd period - Shot by Tom Wilson.
18:17 of 3rd period - Shot Misses the Net.
18:19 of 3rd period - Shot by Tom Wilson.
18:19 of 3rd period - Shot Misses the Net.
Goals for this period are 0 for DALLAS vs 2 for NEW YORK R.
Shots for this period are 11 for DALLAS vs 14 for NEW YORK R.

Overtime #1


0:01 of 1st overtime period - Lawson Crouse wins face-off versus Bo Horvat in neutral zone.
1:02 of 1st overtime period - Shot by Artemi Panarin.
1:02 of 1st overtime period - Shot Blocked by Nikita Zaitsev.
1:30 of 1st overtime period - Shot by Kasperi Kapanen.
1:30 of 1st overtime period - Shot Blocked by Marc-Edouard Vlasic.
2:00 of 1st overtime period - Shot by Bo Horvat.
2:00 of 1st overtime period - Shot Blocked by Nikita Zaitsev.
2:35 of 1st overtime period - Shot by Lawson Crouse.
2:35 of 1st overtime period - Goal by Lawson Crouse - DALLAS : 3 - NEW YORK R : 2.
Goals for this period are 1 for DALLAS vs 0 for NEW YORK R.
Shots for this period are 1 for DALLAS vs 0 for NEW YORK R.